 Dungeon Crawl Stone Soup version 0.30-a0-371-gad7725a93e (webtiles) character file.

Game seed: 3178288133788208035

4 DeathPants the Trooper (level 1, -2/19 HPs)
             Began as an Armataur Monk on Nov 22, 2022.
             Slain by Sigmund
             ... wielding a +0 scythe
              (6 damage)
             ... on level 2 of the Dungeon.
             The game lasted 00:01:15 (147 turns).

DeathPants the Trooper (Armataur Monk)               Turns: 147, Time: 00:01:15

Health: -2/19      AC:  4    Str: 16    XL:     1   Next: 50%
Magic:  1/1        EV: 10    Int: 10    God:
Gold:   0          SH:  0    Dex: 12    Spells: 0/0 levels left

rFire   . . .      SeeInvis .    a - +0 hand axe
rCold   . . .      Faith    .    (no shield)
rNeg    . . .      Spirit   .    b - +0 robe
rPois   .          Reflect  .    (no helmet)
rElec   .          Harm     .    (no cloak)
rCorr   .          Roll     +    (no gloves)
Will    .....                    (no barding)
Stlth   ++........               f - amulet of regeneration
HPRegen 1.03/turn                (no ring)
MPRegen 0.07/turn                (no ring)

@: no status effects
A: large, rugged brown scales 3, deformed body, armoured tail, roll, long
tongue, awkward tongue
a: no special abilities


You were on level 2 of the Dungeon.
You visited 1 branch of the dungeon, and saw 2 of its levels.

Inventory:

Hand Weapons
 a - a +0 hand axe (weapon)
Armour
 b - a +0 robe (worn)
Jewellery
 f - an amulet of regeneration (around neck)
Scrolls
 e - a scroll of identify {unknown}
Potions
 d - a potion of invisibility {unknown}


   Skills:
 + Level 2.7 Fighting
 * Level 2.6 Axes
 - Level 2.1 Dodging
 - Level 2.1 Stealth


You couldn't memorise any spells.
You didn't know any spells.
Your spell library was empty.

Dungeon Overview and Level Annotations

Branches:
Dungeon (2/15)

Altars:

Annotations:
D:2 Sigmund


Innate Abilities, Weirdness & Mutations

You are completely covered in rugged brown scales. (AC +3, +7% HP)
Armour fits poorly on your strangely shaped body.
You have a long armoured tail.
You roll when moving toward enemies. (Rampage)
Your long tongue fully drains potion bottles. (2x potion effects)
Your tongue gives you trouble enunciating. (1.5x scroll delay)


Message History

The quokka closely misses you.
You're too confused to move!
Sigmund hits you with a +0 scythe.
The quokka bites you but does no damage.
You're too confused to move!
The quokka closely misses you. Sigmund hits you with a +0 scythe.
You bump into the rock wall.
The quokka closely misses you. Sigmund gestures at you while chanting.
You resist with significant effort.
You bump into the rock wall.
The quokka bites you but does no damage.
Sigmund closely misses you.
The quokka bites you but does no damage.
You bump into the rock wall.
You feel less invigorated. The quokka bites you.
Sigmund giggles. "Time to reap what you sow."
Sigmund casts a spell at you. You resist with significant effort.
You bump into the rock wall.
The quokka bites you. Sigmund barely misses you.
You closely miss Sigmund.
Sigmund is moderately wounded.
You closely miss the quokka. The quokka barely misses you.
You barely miss Sigmund.
Sigmund is moderately wounded.
You barely miss the quokka. The quokka bites you. Sigmund barely misses you.
The quokka bites you.
You're too confused to move!
Sigmund closely misses you.
The quokka bites you but does no damage.
The quokka barely misses you. Sigmund barely misses you.
You hit the quokka but do no damage.
The quokka bites you but does no damage.
The quokka bites you.
You barely miss the quokka.
You feel less confused.
Sigmund hits you from afar with a +0 scythe!
* * * LOW HITPOINT WARNING * * *
The quokka bites you.
* * * LOW HITPOINT WARNING * * *
There is a stone staircase leading up here.
The quokka barely misses you.
Sigmund hits you from afar with a +0 scythe.
You die...

#.. #.# ####
#.# .... ...
...#.# #.#[###
####...#.####
#....#......#
#.....@r@.#...#
#....)?...# #
#.........#
...........#
...........#
...........#
...........#
...........#


You could see Sigmund and a quokka.

Vanquished Creatures
  An endoplasm (D:1)
  A bat (D:1)
  A kobold (D:2)
  2 rats
5 creatures vanquished.

Notes
Turn   | Place    | Note
-------+----------+-------------------------------------------
     0 | D:1      | DeathPants the Armataur Monk began the quest for the Orb.
     0 | D:1      | Reached XP level 1. HP: 19/19 MP: 1/1
   122 | D:2      | Noticed Sigmund
   147 | D:2      | Slain by Sigmund

Illustrated notes

Levels and vault maps discovered:
D:1:      dpeg_arrival_three_same_balls, layout_basic, serial_shops,
          nicolae_lakefront_shop
D:2:      layout_basic, lexackson_kobold_supper, uniq_jessica, uniq_sigmund

Action                   || total
-------------------------++-------
Melee: Hand axe          ||    13
  Use: Potion            ||     1
 Stab: Sleeping          ||     3
Armor: Robe              ||    13
Dodge: Dodged            ||    17

Table legend: (Time is in decaauts)
 A = Elapsed time spent in this place.
 B = Non-inter-level travel time spent in this place.
 C = Inter-level travel time spent in this place.
 D = Time resting spent in this place.
 E = Time spent auto-exploring this place.
 F = Levels seen in this place.
 G = Mean time per level.
                   A        B        C        D        E       F      G
               +--------+--------+--------+--------+--------+-----+--------+
         Total |    150 |    150 |      0 |      0 |     83 |   2 |   75.0 |
       Dungeon |    150 |    150 |      0 |      0 |     83 |   2 |   75.0 |
               +--------+--------+--------+--------+--------+-----+--------+

Top non-repeatable levels by time:
     D:1: 125 daAuts
     D:2: 24 daAuts
